 Dungeon Crawl Stone Soup version 0.31-a0-986-g5e6e4ef867 (webtiles) character file.

Game seed: 8156604074606397776

22 FakeRyeBread the Shield-Bearer (level 2, -2/19 HPs)
             Began as a Gargoyle Fighter on Nov 8, 2023.
             Slain by a worm (6 damage)
             ... on level 2 of the Dungeon.
             The game lasted 00:02:15 (778 turns).

FakeRyeBread the Shield-Bearer (Gargoyle Fighter)    Turns: 778, Time: 00:02:16

Health: -2/19      AC: 10    Str: 19    XL:     2   Next: 91%
Magic:  2/2        EV:  9    Int:  8    God:
Gold:   117        SH:  4    Dex:  9    Spells: 1/1 levels left

rFire   . . .        a - +0 flail
rCold   . . .        c - +0 buckler
rNeg    + . .        b - +0 scale mail
rPois   ∞            (no helmet)
rElec   +            (no cloak)
rCorr   .            (no gloves)
SInv    .            i - +0 pair of boots
Will    .....        (no amulet) Stlth
                     (no ring)
HPRegen 0.23/turn    (no ring)
MPRegen 0.08/turn

%: no passive effects
@: very slow
A: sickness immunity, AC +2, negative energy resistance 1, electricity
resistance, torment resistance 1, petrification resistance
a: no special abilities


You were on level 2 of the Dungeon.
You visited 1 branch of the dungeon, and saw 2 of its levels.

You collected 117 gold pieces.

Inventory:

Hand Weapons
 a - a +0 flail (weapon)
Armour
 b - a +0 scale mail (worn)
 c - a +0 buckler (worn)
 i - a +0 pair of boots (worn)
Potions
 d - a potion of might
 e - a potion of berserk rage {unknown}
 f - 3 potions of curing {unknown}
 g - a potion of attraction {unknown}
 h - 2 potions of ambrosia {unknown}


   Skills:
 + Level 3.5 Fighting
 * Level 2.5 Maces & Flails
 + Level 3.5 Armour
 + Level 3.5 Shields


You had one spell level left.
You didn't know any spells.
Your spell library was empty.

Dungeon Overview and Level Annotations

Branches:
Dungeon (2/15)

Altars:


Innate Abilities, Weirdness & Mutations

You are immune to sickness and miasma.
Your stone body is resilient. (AC +2)
You are immune to poison.
You resist negative energy. (rN+)
You are resistant to electric shocks. (rElec)
You are resistant to unholy torment.
You are immune to petrification.


Message History

The worm bites you but does no damage.
Your unstable footing causes you to fumble your attack.
Your unstable footing causes you to fumble your attack.
The worm bites you.
Your unstable footing causes you to fumble your attack.
The worm bites you.
You hit the worm.
The worm is moderately wounded.
The worm bites you.
* * * LOW HITPOINT WARNING * * *
You hit the worm.
The worm is moderately wounded.
Your unstable footing causes you to fumble your attack.
You block the worm's attack.
Your unstable footing causes you to fumble your attack.
The worm bites you but does no damage.
Your unstable footing causes you to fumble your attack.
The worm bites you but does no damage.
You hit the worm but do no damage.
The worm is moderately wounded.
The worm bites you.
* * * LOW HITPOINT WARNING * * *
You hit the worm.
The worm is moderately wounded.
Your unstable footing causes you to fumble your attack.
The worm bites you but does no damage.
You sock the worm!
The worm is heavily wounded.
The worm barely misses you.
You hit the worm.
The worm is heavily wounded.
The worm closely misses you.
Your unstable footing causes you to fumble your attack.
The worm misses you.
You sock the worm!
The worm is almost dead.
You hit the worm.
The worm is almost dead.
The worm bites you.
You die...

.......<...........##........†..
..............####.##..........#
................................
..............####....).......##
..........##......###.........#
........P.....P...............#
###....P~~~~~P~~...###.....####
#.##P~~P~~P~~.P.####.#....
.....~~.~≈~~w@.P.....
..#P~P~~~≈~~P~..####
..#.♣~~.~.~$~.......
#..P♣~.~~~~P......
#...♣..♣...$.....
.###............ #............
#.<..........


You could see a worm.

Vanquished Creatures
  2 endoplasms
  2 giant cockroaches (D:2)
  2 goblins
  2 hobgoblins (D:2)
  2 ball pythons (D:1)
  7 frilled lizards
  2 kobolds (D:1)
  3 rats
22 creatures vanquished.

Notes
Turn   | Place    | Note
-------+----------+-------------------------------------------
     0 | D:1      | FakeRyeBread the Gargoyle Fighter began the quest for the
                  | Orb.
     0 | D:1      | Reached XP level 1. HP: 14/14 MP: 1/1
   318 | D:1      | Reached XP level 2. HP: 19/19 MP: 2/2
   778 | D:2      | Slain by a worm

Illustrated notes

Levels and vault maps discovered:
D:1:      matt_arrival_refuge, layout_basic, kennysheep_minor_cross,
          minmay_fountain_box
D:2:      layout_rooms, ebering_ecumenical_altar_sacrificial,
          serial_bayou_pond_b, minivault_27, minmay_misc_feat_tower,
          uniq_sigmund, uniq_robin

Action                     || total
---------------------------++-------
  Melee: Flail             ||    85
    Use: Scroll            ||     1
 Armour: Scale mail        ||    52
  Dodge: Dodged            ||    33
  Block: Buckler           ||    10

Table legend: (Time is in decaauts)
 A = Elapsed time spent in this place.
 B = Non-inter-level travel time spent in this place.
 C = Inter-level travel time spent in this place.
 D = Time resting spent in this place.
 E = Time spent auto-exploring this place.
 F = Levels seen in this place.
 G = Mean time per level.
                   A        B        C        D        E       F      G
               +--------+--------+--------+--------+--------+-----+--------+
         Total |    805 |    702 |    103 |     23 |    450 |   2 |  402.5 |
       Dungeon |    805 |    702 |    103 |     23 |    450 |   2 |  402.5 |
               +--------+--------+--------+--------+--------+-----+--------+

Top non-repeatable levels by time:
     D:1: 570 daAuts
     D:2: 234 daAuts
